Map: Oxide LE

Players

RAGNAROK (SHIN)

  • Race: Zerg Zerg
  • League: Grandmaster
  • Spawn Location: 1:00

TYTY (TY) - Winner!

  • Race: Terran Terran
  • League: Grandmaster
  • Spawn Location: 7:00

Event: TSL 6

VOD

Have the link to the VOD?

Description

Time

  • Played on: Dec. 13, 2020, 9:13 a.m.
  • Length: 7:32

All games in this series

Show
View Real Time Build Order
Export as new Build Order

RAGNAROK Zerg 

Build Orders: Hatch First 

Get SALT Encoding   

  12  0:00  Drone  
  13  0:13  Overlord  
  13  0:17  Drone  
  14  0:31  Drone x2  
  16  0:48  Hatchery  
  15  0:52  Drone  
  15  0:55  Drone  
  17  0:59  Drone  
  18  1:10  Extractor  
  17  1:14  Spawning Pool  
  17  1:17  Drone  
  17  1:20  Drone  
  18  1:28  Drone  
  19  1:47  Drone  
  20  2:01  Zergling x4, Queen x2  
  22  2:02  Zergling x2  
  27  2:11  Overlord  
  27  2:13  Drone  
  28  2:30  Drone x2  
  28  2:32  Drone  
  28  2:35  Drone  
  32  2:37  Queen  
  32  2:42  Metabolic Boost  
  34  2:44  Overlord  
  34  2:45  Drone  
  35  2:54  Drone  
  36  3:00  Hatchery  
  36  3:03  Drone  
  36  3:04  Drone  
  37  3:11  Drone x4  
  41  3:15  Queen  
  41  3:19  Overlord  
  43  3:25  Overlord  
  43  3:26  Drone  
  44  3:38  Drone x2  
  46  3:43  Drone x4  
  46  3:46  Drone x3  
  53  3:51  Queen  
  53  3:55  Zergling x4  
  57  3:56  Baneling Nest  
  57  4:02  Overlord  
  56  4:04  Overlord  
  56  4:08  Extractor  
  54  4:15  Zergling x2  
  54  4:16  Zergling x2  
  57  4:17  Drone  
  57  4:18  Overlord  
  57  4:19  Queen  
  57  4:20  Drone  
  57  4:21  Drone  
  57  4:22  Spore Crawler  
  60  4:26  Zergling x2  
  60  4:28  Drone x3  
  60  4:31  Spore Crawler  
  63  4:32  Spore Crawler  
  63  4:35  Drone x2  
  63  4:40  Drone x2  
  63  4:42  Lair  
  65  4:46  Zergling x2  
  65  4:50  Queen  
  65  4:52  Drone x2  
  70  4:55  Zergling x4  
  72  5:00  Drone x4  
  72  5:04  Drone x2  
  72  5:05  Drone  
  79  5:10  Drone, Evolution Chamber  
  79  5:11  Drone, Evolution Chamber  
  79  5:13  Extractor x2  
  77  5:18  Overlord  
  77  5:24  Zergling x8  
  80  5:32  Zergling x4  
  81  5:35  Overlord  
  81  5:36  Overlord x2  
  81  5:40  Centrifical Hooks  
  81  5:42  Zergling x6  
  84  5:43  Zergling x2  
  84  5:45  Zergling x2  
  86  5:53  Zergling x6  
  87  5:59  Zergling x4  
  89  6:04  Zergling x2  
  89  6:09  Overlord  
  89  6:10  Zergling x14  
  95  6:15  Zergling x6  
  95  6:17  Baneling x14  
  95  6:21  Zergling x4  
  95  6:27  Zergling x4  
  95  6:29  Queen  
  99  6:33  Zergling x4  
  97  6:40  Zergling x18  
  97  6:43  Queen  
  97  6:47  Zergling x4  
  92  6:50  Zergling x2  
  92  6:54  Zergling x2  
  80  6:55  Baneling x7  
  80  6:58  Zergling x4  
  80  7:05  Zergling x8  
  80  7:08  Zergling x6  
  74  7:14  Zergling x4  
Show
View Real Time Build Order
Export as new Build Order

TYTY Terran - Winner!

Build Orders: Reaper Expand 

Get SALT Encoding   

  12  0:00  SCV  
  13  0:12  SCV  
  14  0:17  Supply Depot  
  14  0:24  SCV  
  15  0:38  SCV  
  15  0:40  Barracks  
  16  0:43  Refinery  
  16  0:50  SCV  
  17  1:03  SCV  
  18  1:15  SCV  
  19  1:27  Orbital Command, Reaper  
  20  1:38  Command Center  
  20  1:46  Supply Depot  
  20  1:53  SCV  
  21  1:58  Marine  
  22  2:02  Factory  
  22  2:07  SCV  
  23  2:12  Refinery  
  23  2:19  SCV  
  23  2:20  Barracks Reactor  
  24  2:31  SCV  
  25  2:43  SCV  
  26  2:49  Orbital Command  
  26  2:51  Starport  
  26  2:55  SCV  
  27  2:59  Hellion x2  
  31  3:07  SCV  
  31  3:12  Barracks Tech Lab  
  32  3:16  SCV  
  34  3:20  Hellion, SCV  
  34  3:21  Hellion  
  34  3:26  Supply Depot  
  38  3:27  Viking  
  38  3:28  SCV  
  38  3:32  Stimpack  
  38  3:33  SCV  
  42  3:35  Marine  
  42  3:40  SCV  
  44  3:45  SCV  
  45  3:48  Supply Depot  
  45  3:52  SCV  
  45  3:53  Marine  
  47  3:57  SCV  
  47  4:00  Supply Depot  
  48  4:04  SCV  
  48  4:07  Starport Reactor  
  48  4:08  Barracks x2  
  48  4:09  Factory Tech Lab  
  49  4:10  SCV  
  49  4:13  Marine  
  49  4:16  SCV  
  52  4:20  Engineering Bay  
  52  4:24  SCV, Refinery  
  52  4:30  Siege Tank  
  52  4:31  SCV, Marine  
  56  4:37  SCV  
  59  4:43  SCV  
  60  4:46  Refinery  
  60  4:49  Terran Infantry Weapons Level 1, SCV  
  60  4:50  Marine  
  60  4:51  Starport Reactor  
  60  4:52  Supply Depot  
  62  4:55  SCV  
  62  4:58  Marine x2  
  65  5:02  Siege Tank  
  65  5:05  Marine x2  
  70  5:08  Supply Depot  
  70  5:09  Supply Depot  
  70  5:13  Marine  
  71  5:15  SCV x2  
  71  5:17  Combat Shield  
  71  5:18  Marine x2  
  75  5:25  Marine x2  
  77  5:29  Medivac x2  
  77  5:31  Supply Depot, Marine  
  82  5:35  Marine x2  
  82  5:37  Siege Tank  
  87  5:43  Marine x2  
  87  5:49  Marine  
  90  5:53  Marine  
  90  5:54  Marine  
  92  5:59  Medivac x2  
  92  6:01  Marine x2  
  94  6:04  Supply Depot  
  94  6:07  Marine  
  94  6:09  Siege Tank  
  98  6:11  Marine  
  98  6:12  Marine  
  102  6:19  Marine x2  
  102  6:25  Marine  
  102  6:29  Medivac x2, Marine  
  102  6:30  Marine  
  109  6:36  Marine x2  
  107  6:43  Marine  
  106  6:47  Marine x2  
  104  6:54  Marine x2  
  104  6:58  Siege Tank  
  104  6:59  Command Center, SCV  
  110  7:02  SCV  
  110  7:08  Marine x3  
  98  7:19  Supply Depot  
  98  7:20  Supply Depot  
Tags
 
Add a new tag
Caveats
  • Supply blocks, unpowered buildings, or Contaminate may cause inaccurate times.
  • Supply counts are checked every 10 seconds.